Map: Pillars of Gold LE

Players

ByuN

  • Race: Terran Terran
  • Spawn Location: 1:00

Serral - Winner!

  • Race: Zerg Zerg
  • Spawn Location: 7:00

Event: TSL 6

VOD

Have the link to the VOD?

Description

Time

  • Played on: Dec. 20, 2020, 2:12 p.m.
  • Length: 28:33

All games in this series

Show
View Real Time Build Order
Export as new Build Order

ByuN Terran 

Build Orders: Hellion Opening 

Get SALT Encoding   

  12  0:00  SCV  
  13  0:12  SCV  
  14  0:17  Supply Depot  
  14  0:24  SCV  
  15  0:28  Refinery  
  15  0:39  SCV  
  16  0:46  Barracks  
  16  0:51  SCV  
  17  1:03  SCV  
  18  1:15  SCV  
  19  1:32  Barracks Reactor  
  19  1:33  Orbital Command  
  19  1:45  Command Center  
  19  1:56  Factory  
  19  2:00  SCV  
  20  2:07  Supply Depot  
  20  2:11  Marine  
  20  2:13  Marine  
  20  2:15  SCV  
  23  2:29  SCV, Marine  
  25  2:31  Marine  
  26  2:40  Starport  
  26  2:42  SCV  
  27  2:53  Hellion x2  
  27  2:56  SCV  
  27  2:57  Orbital Command  
  32  3:02  Marine  
  33  3:08  SCV  
  34  3:14  Hellion x2  
  34  3:18  Medivac  
  40  3:21  SCV  
  40  3:22  SCV  
  42  3:27  Supply Depot  
  42  3:30  Refinery  
  42  3:32  Marine  
  43  3:35  SCV x2  
  45  3:43  Supply Depot  
  45  3:48  Starport Tech Lab  
  45  3:49  Hellion  
  45  3:51  Hellion, SCV  
  45  3:52  SCV  
  51  4:04  SCV x2  
  51  4:05  Supply Depot  
  53  4:11  Raven  
  53  4:15  Hellion  
  53  4:16  Hellion, SCV  
  53  4:17  SCV  
  61  4:28  SCV  
  61  4:29  Command Center  
  63  4:31  SCV  
  63  4:37  Barracks Tech Lab  
  63  4:40  SCV  
  63  4:43  Supply Depot, SCV  
  63  4:45  Factory Reactor  
  65  4:52  SCV  
  66  4:55  SCV  
  66  4:56  Marine  
  66  4:57  Barracks  
  66  4:58  Barracks  
  68  5:01  Stimpack  
  68  5:04  SCV  
  68  5:05  Refinery x2  
  69  5:07  Supply Depot, SCV  
  70  5:16  SCV, Marine  
  70  5:18  Engineering Bay  
  70  5:19  Engineering Bay  
  70  5:21  SCV  
  73  5:22  Starport Reactor  
  73  5:28  SCV  
  73  5:30  Factory Reactor  
  73  5:33  SCV  
  75  5:40  SCV  
  76  5:45  SCV x2  
  76  5:49  Marine  
  76  5:50  Marine  
  76  5:52  SCV  
  76  5:54  Terran Infantry Armor Level 1, Terran Infantry Weapons Level 1  
  79  5:57  Barracks, SCV  
  79  5:58  Barracks, Marine x2  
  79  6:00  Orbital Command  
  82  6:06  Marine  
  82  6:09  Supply Depot  
  82  6:10  Medivac x2  
  87  6:13  Widow Mine x2  
  87  6:18  Marine x4  
  93  6:24  SCV x2  
  97  6:28  Marine  
  98  6:35  Marine  
  98  6:36  Marine x3  
  98  6:37  SCV x2  
  100  6:46  Marine  
  99  6:47  Barracks Reactor x2  
  99  6:49  SCV x2  
  99  6:53  Marine x2  
  99  6:54  Widow Mine x2, Marine x2  
  108  6:58  Orbital Command  
  108  7:00  Medivac x2, Armory  
  113  7:03  SCV x2  
  115  7:12  Supply Depot  
  115  7:14  Supply Depot  
  115  7:15  SCV  
  116  7:17  Marine  
  116  7:22  Combat Shield  
  117  7:33  Marine x4  
  117  7:34  SCV x3  
  112  7:46  Marine x4  
  112  7:47  Marine  
  112  7:49  SCV x3  
  113  7:53  Marine  
  113  7:54  Marine  
  113  7:56  Widow Mine x2  
  117  8:02  Marine x2  
  117  8:04  Marine x5  
  119  8:08  Terran Infantry Armor Level 2, Terran Infantry Weapons Level 2  
  119  8:11  Marine x2  
  119  8:18  Refinery  
  119  8:19  Factory  
  108  8:20  Marine x2  
  108  8:22  Marine x3  
  108  8:25  Terran Vehicle Weapons Level 1  
  108  8:26  Marine x2  
  110  8:29  Marine x2  
  110  8:38  Command Center, Marine x2  
  110  8:39  Marine  
  110  8:40  Marine  
  114  8:43  Siege Tank  
  114  8:46  Refinery, Marine x3  
  114  8:47  Marine x2  
  122  8:52  SCV x3  
  125  8:56  Supply Depot x2, Marine x2  
  125  9:03  Factory Tech Lab  
  125  9:05  Supply Depot  
  125  9:07  SCV x2  
  126  9:11  SCV  
  126  9:13  Marine x4  
  126  9:14  Marine x2  
  126  9:16  Supply Depot  
  133  9:17  Siege Tank  
  133  9:20  Medivac x2  
  140  9:24  Siege Tank  
  143  9:39  Marine x5  
  143  9:40  Marine x3  
  143  9:41  Marine  
  152  9:49  Siege Tank  
  152  9:50  Medivac x2  
  159  9:56  Siege Tank  
  162  10:03  Marine x2  
  162  10:04  Marine x6  
  167  10:14  Supply Depot  
  167  10:15  Supply Depot x3  
  167  10:20  Medivac x2  
  168  10:21  Siege Tank  
  168  10:22  Terran Vehicle Weapons Level 2  
  168  10:23  Marine  
  168  10:27  Supply Depot  
  172  10:35  Marine  
  172  10:36  Siege Tank, Marine x6  
  181  10:43  Barracks  
  181  10:45  Barracks  
  181  10:50  Barracks, Sensor Tower  
  181  10:53  Terran Infantry Weapons Level 3, Terran Infantry Armor Level 3  
  181  10:56  Planetary Fortress  
  180  10:58  SCV  
  180  11:00  SCV x2  
  182  11:14  Siege Tank x2  
  182  11:17  Marine x6  
  192  11:37  Marine  
  192  11:38  Marauder, Marine x7  
  192  11:46  Siege Tank  
  195  11:49  Sensor Tower  
  195  11:51  Barracks Tech Lab x3  
  195  11:53  Ghost Academy  
  195  11:57  Command Center  
  195  11:58  Command Center  
  195  12:08  Siege Tank, Marine  
  189  12:09  Marine x8  
  189  12:15  Marine x2  
  194  12:18  Siege Tank, Marine  
  175  12:23  Supply Depot  
  175  12:24  Supply Depot  
  175  12:26  Marine  
  172  12:33  Medivac x2  
  176  12:37  Ghost x3  
  176  12:40  Siege Tank  
  176  12:43  Refinery x2  
  185  12:47  Sensor Tower  
  185  12:50  Siege Tank  
  182  12:59  Marine x5  
  168  13:12  Siege Tank  
  171  13:22  Siege Tank  
  171  13:24  Orbital Command x2  
  171  13:26  Command Center  
  171  13:27  Command Center  
  174  13:30  Refinery  
  174  13:35  Ghost  
  174  13:36  Command Center, Ghost x2  
  180  13:41  Ghost  
  180  13:44  Siege Tank  
  185  13:54  Siege Tank  
  176  14:15  Missile Turret  
  176  14:16  Command Center, Marauder x4, Siege Tank  
  179  14:20  Missile Turret x2, Personal Cloaking  
  179  14:26  Siege Tank  
  181  14:42  Ghost x2  
  181  14:44  Sensor Tower  
  185  14:48  Siege Tank  
  188  14:56  Missile Turret  
  188  14:57  Missile Turret  
  188  14:58  Siege Tank  
  191  15:01  Missile Turret  
  191  15:02  Missile Turret  
  191  15:04  Planetary Fortress  
  191  15:05  Missile Turret  
  191  15:10  Orbital Command  
  187  15:16  Marine x5  
  187  15:18  Marine x7  
  187  15:20  Siege Tank  
  187  15:21  SCV  
  158  15:31  Siege Tank  
  158  15:33  Marine  
  158  15:34  Marine x2  
  164  15:43  SCV x3  
  164  15:44  SCV x3  
  170  15:50  Missile Turret  
  170  15:51  Orbital Command  
  170  15:52  Siege Tank  
  170  15:56  Marine x3  
  168  16:00  Marine x2  
  168  16:01  Marine x4  
  168  16:02  Marine  
  168  16:03  Siege Tank, SCV x2  
  148  16:04  Marine  
  148  16:06  SCV  
  149  16:18  SCV  
  149  16:19  SCV x4  
  149  16:21  SCV  
  149  16:24  Orbital Command, Marine  
  156  16:28  SCV  
  156  16:30  SCV  
  156  16:31  SCV x2  
  160  16:39  SCV x2, Marine x2  
  163  16:40  Marine x2  
  163  16:42  Siege Tank  
  163  16:46  Marine  
  170  16:55  Siege Tank  
  170  16:56  Marine  
  170  16:57  Marine x5  
  162  17:14  Liberator x2  
  162  17:15  Siege Tank  
  171  17:18  Marauder x4  
  179  17:27  Siege Tank  
  181  17:46  Ghost x4  
  181  17:47  Siege Tank  
  192  17:58  Sensor Tower  
  192  17:59  Siege Tank  
  195  18:15  Orbital Command  
  195  18:16  Missile Turret, Marauder x2  
  169  18:30  SCV x3  
  169  18:34  SCV x3  
  170  18:42  SCV x3  
  170  18:43  Siege Tank  
  170  18:46  Siege Tank  
  170  18:48  SCV x2  
  175  18:51  SCV  
  176  19:02  Missile Turret  
  176  19:03  Ghost x4  
  184  19:12  SCV x3  
  184  19:13  Orbital Command  
  184  19:14  SCV  
  184  19:15  Siege Tank  
  191  19:18  Terran Vehicle Weapons Level 3, Siege Tank  
  194  19:31  Ghost x2  
  194  19:36  Refinery x2  
  198  19:45  Refinery  
  200  19:50  Missile Turret  
  200  19:52  Ghost  
  197  19:55  Missile Turret  
  197  19:59  Command Center  
  199  20:12  Command Center  
  193  20:22  Ghost x3  
  193  20:25  Ghost  
  197  20:35  Orbital Command  
  190  20:50  Ghost  
  190  20:51  Ghost x2  
  190  20:54  Ghost  
  192  21:17  Enhanced Shockwaves  
  190  21:19  Ghost x3  
  190  21:22  Ghost  
  190  21:23  Siege Tank  
  188  21:27  Marine x3  
  188  21:28  Marine x5  
  188  21:45  Marine x5  
  183  21:47  Ghost  
  183  21:48  Ghost  
  183  21:49  Orbital Command  
  183  21:50  Marine x4  
  183  21:51  Marine  
  177  22:03  Marine x5  
  177  22:07  Marine  
  182  22:11  Orbital Command  
  166  22:18  Orbital Command  
  166  22:19  Medivac x2  
  166  22:20  Marine x2  
  166  22:21  Marine x5  
  166  22:22  Marine  
  153  22:24  Marine  
  153  22:28  Siege Tank  
  153  22:49  Medivac x2  
  147  23:16  Orbital Command  
  141  23:21  Orbital Command  
  141  23:26  Orbital Command  
  128  23:35  Marine  
  128  23:36  Marine x5  
  128  23:40  Siege Tank x2  
  140  23:42  Medivac  
  140  23:43  Medivac  
  133  24:13  Sensor Tower  
  133  24:15  Missile Turret, Siege Tank  
  133  24:17  Siege Tank, Marine  
  140  24:30  Refinery  
  140  24:31  Refinery  
  140  24:36  Marine  
  140  24:37  Orbital Command, Marine x8  
  147  25:05  SCV  
  147  25:06  SCV x2  
  150  25:13  Marine x12  
  162  25:30  Marine  
  162  25:31  Marine x8  
  171  25:44  Ghost  
  173  26:15  Ghost x3  
  172  26:25  Marine  
  160  26:34  Ghost  
  162  26:44  Ghost  
  150  26:50  Ghost  
  150  26:51  Marine  
  150  26:52  Marine x6  
  135  27:09  Marine x2  
  115  27:23  Marine  
  115  27:24  Marine  
  115  27:25  Marine x5  
  109  27:30  Marine x2  
  111  27:54  Marine x5  
  96  28:00  Siege Tank  
  96  28:02  Marine  
Show
View Real Time Build Order
Export as new Build Order

Serral Zerg - Winner!

Build Orders: Hatch First 

Get SALT Encoding   

  12  0:00  Drone  
  13  0:12  Overlord  
  13  0:17  Drone  
  14  0:31  Drone  
  14  0:32  Drone  
  16  0:50  Hatchery  
  16  0:52  Drone  
  16  0:56  Drone  
  17  1:00  Drone  
  18  1:09  Extractor  
  17  1:15  Spawning Pool  
  16  1:19  Drone  
  16  1:22  Drone  
  18  1:28  Drone  
  19  1:39  Drone  
  20  1:50  Drone  
  21  2:01  Queen x2  
  21  2:02  Zergling x4  
  27  2:11  Overlord  
  27  2:12  Drone  
  27  2:13  Metabolic Boost  
  28  2:33  Hatchery  
  28  2:35  Drone  
  28  2:38  Drone  
  28  2:41  Drone  
  30  2:44  Drone  
  30  2:51  Queen  
  31  2:56  Overlord  
  33  2:59  Drone  
  33  3:04  Pneumatized Carapace  
  34  3:07  Drone  
  34  3:10  Drone  
  36  3:16  Drone x3  
  36  3:18  Drone  
  40  3:22  Overlord  
  40  3:25  Drone  
  40  3:26  Drone  
  41  3:32  Queen  
  43  3:45  Drone  
  43  3:46  Zergling x4, Queen  
  48  3:48  Overlord  
  48  3:49  Drone  
  48  3:53  Drone  
  50  3:56  Zergling x2  
  50  4:00  Zergling x4  
  53  4:06  Drone x2  
  53  4:08  Queen, Drone x2  
  59  4:13  Baneling Nest  
  59  4:14  Drone  
  59  4:17  Zergling x4  
  59  4:20  Overlord  
  59  4:23  Overlord  
  61  4:26  Overlord  
  61  4:28  Zergling x2  
  62  4:31  Drone  
  62  4:32  Drone  
  62  4:35  Zergling x4  
  66  4:38  Overlord  
  66  4:43  Drone x4  
  70  4:48  Drone x2  
  70  4:50  Drone x2  
  74  4:55  Lair  
  74  4:58  Baneling x3  
  74  4:59  Drone x3  
  77  5:00  Drone  
  77  5:04  Extractor x2  
  77  5:05  Drone x2  
  78  5:09  Drone  
  78  5:11  Spore Crawler  
  78  5:12  Overlord  
  78  5:13  Drone x2  
  80  5:15  Drone  
  80  5:17  Extractor  
  80  5:19  Extractor, Drone x2  
  80  5:20  Drone  
  82  5:25  Evolution Chamber  
  82  5:26  Evolution Chamber  
  80  5:29  Drone x5  
  80  5:32  Overlord  
  80  5:33  Drone  
  84  5:44  Zergling x8  
  84  5:46  Drone x2  
  84  5:47  Drone  
  84  5:48  Drone  
  89  5:50  Drone x2  
  89  5:52  Centrifical Hooks  
  91  5:57  Zerg Ground Armor Level 1  
  91  6:01  Hatchery  
  91  6:03  Zerg Melee Weapons Level 1  
  90  6:06  Zergling x6  
  90  6:09  Zergling x2  
  90  6:10  Zergling x4  
  96  6:16  Zergling x10  
  101  6:20  Overlord  
  101  6:22  Hydralisk Den  
  101  6:23  Zergling x2, Overlord  
  101  6:24  Zergling x2  
  100  6:29  Zergling x4  
  100  6:30  Zergling x4  
  100  6:31  Baneling x3  
  100  6:32  Baneling  
  100  6:46  Zergling x8  
  96  6:50  Drone x2  
  96  6:51  Drone x3  
  96  6:52  Muscular Augments  
  96  6:53  Drone  
  101  6:55  Baneling x4  
  101  7:00  Drone x2  
  103  7:05  Baneling x2  
  103  7:06  Overlord  
  103  7:07  Drone x2  
  105  7:09  Overseer  
  105  7:10  Baneling x3  
  105  7:13  Queen  
  107  7:15  Hydralisk x2  
  107  7:16  Hydralisk x2  
  107  7:20  Hydralisk  
  107  7:21  Hydralisk x2  
  121  7:26  Overseer  
  121  7:33  Baneling x4  
  118  7:38  Zergling x20  
  122  7:48  Zergling x26  
  120  8:05  Zergling x12  
  124  8:08  Overseer  
  124  8:12  Overlord, Hydralisk  
  117  8:15  Overlord  
  117  8:17  Overlord x3  
  117  8:18  Overseer  
  119  8:20  Baneling x4  
  119  8:22  Zerg Melee Weapons Level 2, Zerg Ground Armor Level 2  
  119  8:30  Queen  
  119  8:31  Grooved Spines, Overlord  
  119  8:33  Baneling x3  
  121  8:34  Burrow  
  121  8:36  Zergling x16  
  129  8:41  Drone x2  
  129  8:42  Drone x2  
  129  8:43  Baneling x6  
  129  8:46  Zergling x6  
  136  8:54  Zergling x14  
  143  9:01  Baneling x5  
  143  9:02  Baneling x3  
  140  9:12  Zergling x2  
  140  9:13  Zergling x18  
  140  9:16  Hatchery  
  148  9:19  Hydralisk x4  
  148  9:22  Baneling x2  
  156  9:29  Extractor, Infestation Pit  
  156  9:30  Overlord, Drone x3  
  156  9:31  Overlord  
  157  9:38  Hydralisk  
  157  9:39  Zergling x2  
  157  9:43  Baneling x4  
  157  9:45  Overlord  
  160  9:55  Drone x6  
  160  9:57  Drone x3  
  160  9:59  Hydralisk x2  
  168  10:00  Zergling x6  
  175  10:07  Hive  
  171  10:16  Queen  
  171  10:20  Zergling x2  
  171  10:21  Zergling x30  
  181  10:23  Baneling x2  
  181  10:26  Overlord x2  
  181  10:39  Drone x2  
  181  10:40  Spore Crawler, Queen  
  184  10:43  Baneling  
  184  10:44  Baneling x2  
  184  10:45  Overlord  
  184  10:46  Zergling x2  
  184  10:47  Zergling x20  
  184  10:49  Hydralisk x2  
  194  10:51  Baneling x3  
  194  10:52  Baneling  
  194  10:56  Zergling x2  
  194  10:57  Zergling x10  
  199  11:02  Overlord  
  199  11:04  Overlord  
  193  11:14  Hatchery  
  187  11:19  Adrenal Glands  
  187  11:20  Viper x2  
  192  11:25  Baneling x2  
  192  11:26  Baneling x3  
  190  11:34  Zerg Ground Armor Level 3, Zerg Missile Weapons Level 1  
  190  11:37  Zergling x38  
  199  11:46  Zergling x16  
  199  11:50  Baneling x6  
  196  11:54  Spawning Pool  
  195  12:02  Zergling x2  
  195  12:03  Zergling x6  
  199  12:15  Zergling x8  
  200  12:21  Baneling  
  200  12:22  Baneling  
  191  12:29  Lurker Den  
  190  12:30  Drone  
  190  12:31  Drone  
  190  12:33  Baneling x17  
  190  12:34  Zergling x16  
  200  12:41  Baneling x15  
  200  12:46  Extractor  
  200  12:48  Extractor  
  198  12:51  Drone x2  
  179  13:01  Viper  
  164  13:06  Zergling x20  
  164  13:07  Zergling x20  
  182  13:14  Drone  
  182  13:15  Spore Crawler, Drone x2  
  182  13:19  Extractor x2, Drone x3  
  187  13:20  Drone x3  
  187  13:21  Spine Crawler  
  187  13:23  Zergling x22  
  198  13:28  Seismic Spines, Zerg Melee Weapons Level 3, Spire  
  197  13:34  Zergling x2  
  197  13:35  Zergling x2  
  197  13:40  Hatchery  
  199  13:41  Lurker, Baneling x5  
  199  13:42  Overseer, Baneling x6  
  198  13:51  Overseer  
  198  13:54  Drone  
  199  13:58  Lair  
  196  14:14  Baneling  
  196  14:15  Baneling x17  
  196  14:20  Zerg Missile Weapons Level 2  
  196  14:25  Adaptive Talons  
  188  14:31  Zergling x24  
  195  14:47  Baneling  
  195  14:48  Greater Spire  
  195  14:49  Drone x2  
  195  14:50  Drone x2  
  199  14:59  Baneling x2  
  182  15:18  Zergling x48  
  173  15:26  Zergling x52  
  188  15:28  Drone x5  
  188  15:32  Drone x4  
  188  15:33  Drone x2  
  188  15:35  Hive  
  191  15:39  Baneling x2  
  191  15:40  Baneling x2  
  190  15:45  Zergling x2, Hatchery  
  190  15:46  Zergling x18, Overseer  
  190  15:47  Baneling  
  190  15:48  Baneling x7  
  191  15:59  Zergling x26  
  179  16:07  Baneling x2  
  174  16:13  Drone x2  
  174  16:14  Hydralisk x3  
  174  16:15  Zergling x22  
  174  16:16  Zerg Flyer Weapons Level 1  
  174  16:18  Baneling x21  
  193  16:26  Zergling x14  
  199  16:42  Zergling x6  
  199  16:43  Zergling x2  
  171  17:04  Zergling x30  
  171  17:07  Overlord x2  
  185  17:09  Overlord  
  185  17:12  Baneling x10  
  185  17:13  Baneling  
  185  17:18  Overlord, Overseer  
  185  17:20  Zerg Missile Weapons Level 3  
  185  17:25  Zergling x16  
  193  17:30  Overlord  
  193  17:39  Baneling x2  
  193  17:42  Hatchery  
  186  18:04  Overseer  
  186  18:11  Zergling x2, Zerg Flyer Armor Level 1, Baneling x8  
  186  18:12  Zergling x26  
  161  18:31  Hydralisk x4  
  140  18:36  Corruptor x5  
  140  18:37  Corruptor x5  
  140  18:39  Infestor x5  
  174  18:45  Corruptor x6, Spire  
  174  18:46  Corruptor  
  189  18:54  Lurker  
  189  18:55  Lurker x3  
  187  18:56  Overseer  
  187  19:01  Spore Crawler  
  182  19:04  Extractor  
  182  19:05  Extractor  
  180  19:10  Pathogen Glands  
  180  19:14  Brood Lord x7  
  193  19:17  Brood Lord x3  
  193  19:18  Overseer  
  199  19:34  Spore Crawler x2  
  199  19:35  Spore Crawler x3  
  199  19:36  Spore Crawler  
  199  19:38  Overseer x2  
  193  19:39  Baneling  
  193  19:40  Baneling x3  
  193  19:46  Brood Lord  
  193  19:47  Corruptor, Brood Lord  
  199  19:58  Extractor  
  198  20:01  Extractor  
  198  20:02  Extractor  
  196  20:07  Neural Parasite  
  196  20:28  Corruptor  
  194  20:43  Infestor x2  
  196  20:57  Brood Lord  
  196  21:09  Infestor  
  193  21:31  Baneling x6  
  193  21:32  Overlord x2, Baneling  
  192  21:38  Overlord  
  192  21:41  Overlord  
  192  21:51  Zergling x20  
  192  21:52  Overseer  
  200  21:58  Hatchery  
  187  22:30  Zergling x16  
  187  22:31  Zergling x8  
  187  22:32  Zerg Flyer Armor Level 2, Zerg Flyer Weapons Level 2  
  199  22:54  Baneling x11  
  199  22:55  Baneling x2  
  199  23:03  Overseer  
  167  23:23  Hatchery  
  167  23:24  Zergling x2  
  167  23:25  Zergling x50  
  158  23:27  Hatchery  
  158  23:33  Zergling x30  
  164  23:39  Corruptor x4  
  164  23:41  Brood Lord x6  
  184  23:42  Overseer x2  
  184  23:48  Baneling x4  
  184  23:49  Baneling x2  
  182  23:57  Zergling x24  
  194  24:03  Hatchery  
  187  24:17  Extractor, Brood Lord  
  187  24:18  Brood Lord x3  
  194  24:28  Corruptor x3  
  200  24:37  Extractor  
  199  24:42  Extractor  
  199  24:43  Extractor  
  194  25:03  Baneling x9  
  194  25:05  Brood Lord  
  194  25:06  Brood Lord  
  198  25:09  Zerg Flyer Armor Level 3, Zerg Flyer Weapons Level 3  
  198  25:31  Drone  
  199  25:53  Baneling x15  
  195  26:12  Extractor  
  192  26:28  Infestor x2  
  192  26:29  Infestor  
  190  26:48  Corruptor x3  
  198  26:58  Drone x2  
  198  26:59  Drone x6  
  176  27:14  Zergling x34  
  179  27:16  Zergling x2  
  179  27:17  Zergling x8  
  161  27:26  Brood Lord x3  
  161  27:28  Drone  
  161  27:29  Drone x2  
  166  27:38  Zergling x22  
  177  27:49  Overseer, Baneling x12  
  177  27:50  Overseer  
  148  28:00  Zergling x12  
  148  28:01  Zergling x14  
  161  28:06  Lurker x4  
  161  28:10  Zergling x10  
Tags
 
Add a new tag
Caveats
  • Supply blocks, unpowered buildings, or Contaminate may cause inaccurate times.
  • Supply counts are checked every 10 seconds.